AoeStats
← Kaiser Ze

Arena

509612727Analyzed
1v1 RM · 5d ago on Sep 27, 2026· 29m 30s· 2 players
Game mode
Random Map
Map size
Tiny (2 player)
Population
200
Speed
Normal
Resources
Standard
Victory
Conquest
Starting age
Dark Age
Ending age
Imperial Age
RankedLock teamsTeams togetherTeam positionsShared explorationLock speedFull tech treeHidden civsTurbo modeCheats
Victory
Defeat
🇹🇼 Poles · Taiwan
1304
+15
🇨🇳 Japanese · China
1281
-15
Kaiser Ze
10:21 Feudal Age
11:53 Loom
13:53 Fletching
18:23 Castle Age
22:00 Double-Bit Axe
27:08 Forging
26:58 Scale Mail Armor
28:59 Scale Mail Armor
JH
1:19 Loom
9:02 Feudal Age
8:16 Loom
9:47 Double-Bit Axe
12:52 Fletching
17:01 Horse Collar
22:39 Castle Age
20:54 Gold Mining
21:08 Stone Mining
23:30 Bodkin Arrow
22:56 Crossbowman
23:39 Heavy Plow
27:05 Bow Saw
31:01 Imperial Age
Connection lost

Rejoining the realm…

Still unreachable

The connection could not be restored.

Session expired

The server has moved on; the page needs a fresh start.